 Dungeon Crawl Stone Soup version 0.26-a0-478-g6c97825307 (webtiles) character file.

Game seed: 469392046475781519

653 Infinimo the Cudgeler (level 7, -10/61 HPs)
             Began as a Hill Orc Fighter on Aug 1, 2020.
             Killed by divine providence
             ... invoked by an orc priest
              (13 damage)
             ... on level 5 of the Dungeon.
             The game lasted 00:04:20 (5309 turns).

Infinimo the Cudgeler (Hill Orc Fighter)            Turns: 5309, Time: 00:04:21

Health: -10/61     AC:  8    Str: 19    XL:     7   Next: 54%
Magic:  7/7        EV:  7    Int: 10    God:
Gold:   366        SH:  9    Dex: 10    Spells: 6/6 levels left

rFire    . . .     SeeInvis .   a - +0 flail
rCold    . . .     Faith    .   c - +0 kite shield
rNeg     . . .     Spirit   .   b - +0 scale mail
rPois    .         Reflect  .   (no helmet)
rElec    .         Harm     .   (no cloak)
rCorr    .                      x - +0 pair of gloves
MR       .....                  (no boots)
Stlth    ..........             (no amulet)
HPRegen  0.20/turn              (no ring)
MPRegen  0.10/turn              (no ring)

@: about to teleport
A: no striking features
a: Convert to Beogh


You were on level 5 of the Dungeon.
You visited 1 branch of the dungeon, and saw 5 of its levels.

You collected 366 gold pieces.

Inventory:

Hand Weapons
 a - a +0 flail (weapon)
Armour
 b - a +0 scale mail (worn)
 c - a +0 kite shield (worn)
 x - a +0 pair of gloves (worn)
Jewellery
 i - a cursed ring of teleportation {unknown}
 k - a cursed amulet of inaccuracy {unknown}
 u - a +4 ring of slaying {unknown}
Wands
 o - a wand of disintegration (7)
Scrolls
 e - 3 scrolls of identify
 f - 4 scrolls of teleportation
 r - a scroll of remove curse {unknown}
 t - a scroll of magic mapping
 w - 2 scrolls of fog {unknown}
Potions
 d - 2 potions of might
 g - 2 potions of magic {unknown}
 h - a potion of stabbing {unknown}
 j - 4 potions of curing
 l - 3 potions of flight
 n - 2 potions of resistance {unknown}
 p - a potion of heal wounds {unknown}
 q - a potion of cancellation {unknown}
 s - a potion of mutation {unknown}
 v - 2 potions of berserk rage {unknown}
 z - a potion of invisibility {unknown}


   Skills:
 + Level 5.5 Fighting
 * Level 5.9 Maces & Flails
 + Level 5.1 Armour
 + Level 5.1 Shields


You had 6 spell levels left.
You didn't know any spells.
Your spell library was empty.

Dungeon Overview and Level Annotations

Branches:
Dungeon (5/15)
 Temple: D:4-7

Altars:
Cheibriados


Message History

You are too injured to fight recklessly!
You are too injured to fight recklessly!
You are too injured to fight recklessly!
You are too injured to fight recklessly!
You are too injured to fight recklessly!
You are too injured to fight recklessly!
You are too injured to fight recklessly!
Unknown command.
The orc priest mumbles some strange prayers to Beogh against you.
Pain shoots through your body!
* * * LOW HITPOINT WARNING * * *
The orc priest mumbles some strange prayers to Beogh against you.
Beogh smites you!
* * * LOW HITPOINT WARNING * * *
Okay, then.
As you read the scroll of teleportation, it crumbles to dust.
You feel strangely unstable.
The orc priest invokes the aid of Beogh against you.
Beogh smites you!
You die... .... #. . ... ##.#.#. oZ#

#. ...... #.# #. #.#..#
#Z# #. #....# ##o####
#.###...# #.....#
#..##.>.# #.....#
#..#....##
####.###@#####........##
#..............<÷......##
#.##÷#######....#.......#
#.##............##.#.##..
#.##..######.##.##.#.##..
#.##..# ##....##....#.#
#.)...## #.....##.#..#.#
#......# #.#......#..#.#
#.#...## #.#..#####..#.#


You could see an orc priest and a bullfrog skeleton.

Vanquished Creatures
  An ogre (D:5)
  A howler monkey (D:4)
  2 hounds
  A jelly (D:5)
  A bullfrog skeleton (D:5)
  Natasha (thrice) (D:3)
  2 worker ants
  4 gnolls (D:2)
  11 adders
  2 white imps
  An ufetubus (D:5)
  An ooze (D:5)
  4 worms
  2 dart slugs (D:1)
  3 leopard geckos
  6 orcs
  13 bats
  6 giant cockroaches
  9 hobgoblins
  20 jackals
  2 quokkas (D:3)
  7 frilled lizards
  7 goblins
  9 kobolds
  6 rats
124 creatures vanquished.

Notes
Turn   | Place    | Note
-------+----------+-------------------------------------------
     0 | D:1      | Infinimo the Hill Orc Fighter began the quest for the Orb.
     0 | D:1      | Reached XP level 1. HP: 19/19 MP: 1/1
   132 | D:1      | Reached XP level 2. HP: 27/27 MP: 2/2
   595 | D:1      | Reached XP level 3. HP: 32/33 MP: 3/3
  1338 | D:2      | Reached XP level 4. HP: 36/40 MP: 4/4
  2217 | D:2      | Reached XP level 5. HP: 47/47 MP: 5/5
  2542 | D:2      | Found a faded altar of an unknown god.
  3004 | D:3      | Noticed Natasha
  3010 | D:3      | Killed Natasha
  3068 | D:3      | Reached XP level 6. HP: 52/53 MP: 6/6
  3162 | D:3      | Noticed Natasha
  3171 | D:3      | Killed Natasha
  3193 | D:3      | Noticed Natasha
  3197 | D:3      | Killed Natasha
  3582 | D:4      | Found a snail-covered altar of Cheibriados.
  3636 | D:4      | Reached skill level 5 in Fighting
  3916 | D:4      | Reached skill level 5 in Maces & Flails
  4261 | D:5      | Entered Level 5 of the Dungeon
  4322 | D:5      | Reached XP level 7. HP: 45/61 MP: 7/7
  4897 | D:5      | Reached skill level 5 in Armour
  5110 | D:5      | Reached skill level 5 in Shields
  5306 | D:5      | HP: 2/61 [orc priest/divine providence (14)]
  5309 | D:5      | Killed from afar by an orc priest

Illustrated notes

Levels and vault maps discovered:
D:1:      psy_arrival_statuary, layout_basic
D:2:      layout_basic, chequers_ecumenical_altar_simple, minmay_vboxes
D:3:      layout_rooms, minmay_randomly_rotated_circles, uniq_natasha
D:4:      wander_river, layout_loops_cross, cheibriados_altar_1
D:5:      layout_basic, basic_altar, minivault_24, minmay_statues_item,
          minmay_ruined_shrine

Skill      XL: |  1  2  3  4  5  6  7 |
---------------+----------------------+-----
Maces & Flails | 3 4 5 |  5.9
Fighting       | 4 5 |  5.5
Armour         | 4 5 |  5.1
Shields        | 4 5 |  5.1

Action                   |  1- 3 |  4- 6 |  7- 9 || total
-------------------------+-------+-------+-------++-------
Melee: Flail             |    98 |   270 |    50 ||   418
Throw: Javelin           |     5 |    29 |     9 ||    43
  Use: Scroll            |       |     5 |     1 ||     6
Armor: Scale mail        |    74 |   138 |    20 ||   232
Dodge: Dodged            |    44 |    93 |    24 ||   161
Block: Kite shield       |    58 |   167 |    25 ||   250

Table legend: (Time is in decaauts)
 A = Elapsed time spent in this place.
 B = Non-inter-level travel time spent in this place.
 C = Inter-level travel time spent in this place.
 D = Time resting spent in this place.
 E = Time spent auto-exploring this place.
 F = Levels seen in this place.
 G = Mean time per level.
                   A        B        C        D        E       F      G
               +--------+--------+--------+--------+--------+-----+--------+
         Total |   5469 |   5372 |     97 |      3 |   4452 |   5 | 1093.8 |
       Dungeon |   5469 |   5372 |     97 |      3 |   4452 |   5 | 1093.8 |
               +--------+--------+--------+--------+--------+-----+--------+

Top non-repeatable levels by time:
     D:1: 1469 daAuts
     D:2: 1323 daAuts
     D:4: 995 daAuts
     D:5: 867 daAuts
     D:3: 813 daAuts
